 Dungeon Crawl Stone Soup version 0.28-a0-1624-g820543e53a (webtiles) character file.

Game seed: 15454795438767252974

660 horus123 the Ducker (level 7, -2/54 HPs)
             Began as a Human Monk on Jan 23, 2022.
             Was an Initiate of Yredelemnul.
             Slain by a centaur (4 damage)
             ... on level 6 of the Dungeon.
             The game lasted 00:12:20 (5814 turns).

horus123 the Ducker (Human Monk)                    Turns: 5814, Time: 00:12:21

Health: -2/54      AC:  4    Str: 11    XL:     7   Next: 86%
Magic:  10/10      EV: 15    Int: 11    God:    Yredelemnul [......]
Gold:   205        SH:  0    Dex: 15    Spells: 6/10 levels left

rFire   + . .      SeeInvis +   m - +1 mace (vorpal)
rCold   . . .      Faith    .   (no shield)
rNeg    . . .      Spirit   .   h - +2 robe {rF+}
rPois   .          Reflect  .   (no helmet)
rElec   .          Harm     .   c - +0 cloak
rCorr   .          Rampage  .   (no gloves)
Will    +....                   (no boots)
Stlth   ++........              f - amulet of magic regeneration
HPRegen 0.98/turn               n - ring of willpower
MPRegen 0.52/turn               d - ring of see invisible

@: lethally poisoned (-2 -> -6), attractive
A: deformed body, regeneration 1, weak 1, MP-powered wands
a: Renounce Religion, Recall Undead Harvest


You were on level 6 of the Dungeon.
You worshipped Yredelemnul.
Yredelemnul was noncommittal.
You visited 2 branches of the dungeon, and saw 7 of its levels.

You collected 205 gold pieces.

Inventory:

Hand Weapons
 m - a +1 vorpal mace (weapon)
Armour
 c - a +0 cloak (worn)
 h - a +2 robe of fire resistance (worn)
Jewellery
 d - a ring of see invisible (right hand)
 f - an amulet of magic regeneration (around neck)
 n - a ring of willpower (left hand)
Wands
 i - a wand of digging (7)
Scrolls
 b - a scroll of summoning {unknown}
 g - 2 scrolls of teleportation
 j - 2 scrolls of blinking
Potions
 a - a potion of mutation
 e - a potion of cancellation
 k - 2 potions of flight
 p - 5 potions of brilliance


   Skills:
 - Level 4.0 Fighting
 - Level 4.0 Maces & Flails
 - Level 6.2 Dodging
 - Level 2.0 Stealth
 - Level 2.1 Spellcasting
 + Level 3.2 Necromancy


You had 6 spell levels left.
You knew the following spells:

 Your Spells              Type           Power      Damage    Failure   Level
a - Dispel Undead         Necr           8%         3d8       58%         4

Your spell library contained the following spells:

 Spells                   Type           Power      Damage    Failure   Level
 Static Discharge         Conj/Air       1%         N/A       41%         2
 Stone Arrow              Conj/Erth      2%         3d7       65%         3
 Animate Armour           Summ/Erth      2%         N/A       96%         4
 Sticky Flame             Conj/Fire      1%         2d3       96%         4
 Lehudib's Crystal Spear  Conj/Erth      0%         10d2      100%        8


Dungeon Overview and Level Annotations

Branches:
Dungeon (6/15)             Temple (1/1) D:4

Altars:
Dithmenos
Elyvilon
Gozag
Okawaru
Qazlal
Ru
Sif Muna
Trog
Vehumet
Wu Jian
Xom
Yredelemnul
The Shining One

Shops:
D:3 !


Innate Abilities, Weirdness & Mutations

Armour fits poorly on your strangely shaped body.
Your natural rate of healing is unusually fast.
You are weak. (Str -2)
You expend magic power (3 MP) to strengthen your wands.


Message History

The centaur closely misses you. The gnoll misses you.
The centaur closely misses you. The centaur barely misses you.
You hit the centaur.
The centaur is moderately wounded.
The centaur misses you.
The centaur kicks you but does no damage.
The centaur closely misses you. The centaur misses you.
It was a potion of cancellation.
You feel magically purged.
The scorpion stings you but does no damage.
The gnoll closely misses you. The centaur hits you.
* * * LOW HITPOINT WARNING * * *
The centaur closely misses you.
It was a potion of attraction.
You feel attractive to monsters.
The scorpion stings you but does no damage.
The centaur misses you. The centaur closely misses you.
The gnoll barely misses you.
The scorpion stings you but does no damage.
The centaur hits you.
* * * LOW HITPOINT WARNING * * *
The centaur kicks you.
* * * LOW HITPOINT WARNING * * *
You hit the gnoll.
The gnoll is severely wounded.
The gnoll closely misses you. The centaur misses you.
The centaur barely misses you. The scorpion stings you.
* * * LOW HITPOINT WARNING * * *
You are poisoned.
The scorpion poisons you! The gnoll hits you with a +0 whip.
* * * LOW HITPOINT WARNING * * *
The gnoll misses you.
You hit the scorpion.
The scorpion is moderately wounded.
* * * LOW HITPOINT WARNING * * *
You feel very sick. The centaur barely misses you. The centaur misses you.
The scorpion stings you.
* * * LOW HITPOINT WARNING * * *
The centaur hits you.
You die...
Your body rises from the dead as a mindless zombie.

#...........###
##........g...##
#..#####..g..$.#
##..# ###s....#
#...# ##g.#..>...
##...#
##..###.....
#....# ##..##
...###
##....###...#
..##
#.....@sg..## .#
###...ggcg..#
##........##.....
#........##.....#
##.......##
...### #........#
#...# ###......#
#.### ###......#
## #####<......##


You could see a centaur, a scorpion and 4 gnolls.

Vanquished Creatures
  A black bear (D:4)
  A necrophage (D:5)
  A scorpion (D:4)
  2 water moccasin skeletons (D:5)
  3 hounds (D:5)
  An iguana (D:5)
  A hound skeleton (D:4)
  3 gnolls
  7 adders
  A howler monkey skeleton (D:5)
  3 worms
  4 dart slugs
  4 orcs (D:4)
  9 ball pythons
  11 endoplasms
  5 giant cockroaches
  7 goblins
  5 hobgoblins
  5 quokkas
  8 bats
  A frilled lizard (D:1)
  7 kobolds
  4 rats
94 creatures vanquished.

Vanquished Creatures (others)
  5 plants (D:4)
5 creatures vanquished.

Grand Total: 99 creatures vanquished

Notes
Turn   | Place    | Note
-------+----------+-------------------------------------------
     0 | D:1      | horus123 the Human Monk began the quest for the Orb.
     0 | D:1      | Reached XP level 1. HP: 18/18 MP: 1/1
   172 | D:1      | Reached XP level 2. HP: 23/24 MP: 2/2
   492 | D:1      | Reached XP level 3. HP: 29/29 MP: 3/3
  1255 | D:2      | Reached XP level 4. HP: 36/36 MP: 4/4
  1371 | D:2      | Reached skill level 4 in Dodging
  2110 | D:3      | Found Jashroed's Distillery.
  2318 | D:3      | Reached XP level 5. HP: 42/42 MP: 5/5
  2969 | D:4      | Noticed a black bear
  2980 | D:4      | Killed a black bear
  2981 | D:4      | Reached skill level 5 in Dodging
  2981 | D:4      | Reached XP level 6. HP: 35/48 MP: 6/6
  3094 | D:4      | Reached skill level 6 in Dodging
  3214 | D:4      | You fall into a shaft and drop 1 floor!
  3214 | D:5      | Entered Level 5 of the Dungeon
  3216 | D:5      | Noticed a necrophage
  3385 | D:4      | Found a staircase to the Ecumenical Temple.
  3717 | D:4      | Learned a level 4 spell: Dispel Undead
  4008 | D:5      | Reached XP level 7. HP: 40/54 MP: 7/7
  4393 | D:5      | Reached skill level 1 in Spellcasting
  4756 | Temple   | Entered the Ecumenical Temple
  4867 | Temple   | Became a worshipper of Yredelemnul the Dark
  4867 | Temple   | Reached * piety under Yredelemnul
  4867 | Temple   | Reached ** piety under Yredelemnul
  5003 | D:5      | Reached skill level 1 in Necromancy
  5804 | D:6      | Gained mutation: Armour fits poorly on your strangely
                  | shaped body. [potion of mutation]
  5804 | D:6      | Gained mutation: You are weak. (Str -2) [potion of
                  | mutation]
  5804 | D:6      | Gained mutation: You expend magic power (3 MP) to
                  | strengthen your wands. [potion of mutation]
  5804 | D:6      | Gained mutation: Your natural rate of healing is unusually
                  | fast. [potion of mutation]
  5814 | D:6      | HP: 2/54 [scorpion (2)]
  5814 | D:6      | Slain by a centaur

Illustrated notes

Levels and vault maps discovered:
D:1:      dpeg_arrival_rooms_a, layout_basic, minmay_octomino_c4
D:2:      layout_loops_ring
D:3:      layout_loops_ring, serial_shops, shop, serial_park_tiny_pond
D:4:      layout_basic, minmay_temple_entry_antechambers, serial_forest,
          infiniplex_forest_clump_diagonal, infiniplex_forest_3_way,
          infiniplex_forest_corner_1, infiniplex_forest_end_double,
          infiniplex_forest_lined_room_, infiniplex_forest_straight_5,
          infiniplex_forest_clump_curved
D:5:      layout_cave_pools, serial_column_ruins, column_ruins_pillar_1,
          column_ruins_pillar_3, column_ruins_pillar_2, column_ruins_pillar_1,
          column_ruins_pillar_2, column_ruins_pillar_4, column_ruins_pillar_1,
          column_ruins_pillar_1, column_ruins_pillar_4, column_ruins_pillar_2,
          column_ruins_pillar_3
D:6:      layout_layer_cave, jmf_multi_god_temple2, kennysheep_little_box,
          uniq_edmund
Temple:   nicolae_temple_god_jail

Skill      XL: |  1  2  3  4  5  6  7 |
---------------+----------------------+-----
Fighting       | 4 |  4.0
Dodging        | 4 5 6 |  6.2
Maces & Flails | 4 |  4.0
Spellcasting   | 2 |  2.1
Necromancy     | 3 |  3.2
Stealth        | |  2.0

Action                   |  1- 3 |  4- 6 |  7- 9 || total
-------------------------+-------+-------+-------++-------
Melee: Mace              |    93 |   173 |    93 ||   359
       Punch             |     2 |     2 |     4 ||     8
  Use: Scroll            |     2 |     3 |       ||     5
       Potion            |       |     1 |     3 ||     4
 Stab: Sleeping          |     5 |    12 |       ||    17
       Distracted        |       |       |     1 ||     1
Armor: Robe              |    14 |    52 |    15 ||    81
       Leather armour    |     9 |       |       ||     9
Dodge: Dodged            |    65 |   139 |    98 ||   302

Table legend: (Time is in decaauts)
 A = Elapsed time spent in this place.
 B = Non-inter-level travel time spent in this place.
 C = Inter-level travel time spent in this place.
 D = Time resting spent in this place.
 E = Time spent auto-exploring this place.
 F = Levels seen in this place.
 G = Mean time per level.
                   A        B        C        D        E       F      G
               +--------+--------+--------+--------+--------+-----+--------+
         Total |   5895 |   5679 |    216 |    986 |   3382 |   7 |  842.1 |
       Dungeon |   5762 |   5559 |    203 |    986 |   3365 |   6 |  960.3 |
        Temple |    132 |    119 |     13 |      0 |     17 |   1 |  132.0 |
               +--------+--------+--------+--------+--------+-----+--------+

Top non-repeatable levels by time:
     D:5: 1390 daAuts
     D:4: 1351 daAuts
     D:2: 1183 daAuts
     D:1: 963 daAuts
     D:3: 808 daAuts
  Temple: 132 daAuts
     D:6: 65 daAuts
